 Dungeon Crawl Stone Soup version 0.30-a0-585-g93115170b9 (webtiles) character file.

Game seed: 17659209648602061078

144 avis the Ruffian (level 4, -3/36 HPs)
             Began as a Demigod Transmuter on Jan 2, 2023.
             Killed by divine providence
             ... invoked by an orc priest
              (15 damage)
             ... on level 3 of the Dungeon.
             The game lasted 00:15:28 (1360 turns).

avis the Ruffian (Demigod Transmuter)               Turns: 1360, Time: 00:15:29

Health: -3/36      AC: 14    Str: 15    XL:     4   Next: 76%
Magic:  9/9        EV: 12    Int: 15    God:
Gold:   76         SH:  0    Dex: 20    Spells: 3/7 levels left

rFire   . . .      SeeInvis .    s - +1 mace (protect)
rCold   . . .      Faith    .    (no shield)
rNeg    . . .      Spirit   .    a - +0 robe
rPois   .          Reflect  .    (helmet currently unavailable)
rElec   .          Harm     .    (no cloak)
rCorr   .          Rampage  .    e - +0 pair of gloves
Will    .....                    (boots currently unavailable)
Stlth   ++                       (no amulet)
HPRegen 0.26/turn                f - +6 ring of dexterity
MPRegen 0.11/turn                i - +4 ring of protection

@: appendages (expiring), under a protective aura
A: horns 2, talons 2, high MP 1, forlorn, divine attributes
a: End Transformation


You were on level 3 of the Dungeon.
You had temporarily grown beastly horns and talons.
You visited 1 branch of the dungeon, and saw 3 of its levels.

You collected 76 gold pieces.

Inventory:

Hand Weapons
 s - a +1 mace of protection (weapon)
Armour
 a - a +0 robe (worn)
 e - a +0 pair of gloves (worn)
 v - a +0 helmet
Jewellery
 f - a +6 ring of dexterity (left hand)
 i - a +4 ring of protection (right hand)
Wands
 r - a wand of roots (6)
Scrolls
 h - a scroll of noise {unknown}
 j - a scroll of enchant weapon {unknown}
 k - 2 scrolls of teleportation {unknown}
 l - a scroll of amnesia {unknown}
 n - a scroll of silence {unknown}
 o - a scroll of fog {unknown}
 q - a scroll of torment {unknown}
 u - 2 scrolls of fear {unknown}
Potions
 b - 3 potions of lignification
 c - a potion of attraction {unknown}
 d - a potion of resistance {unknown}
 g - a potion of heal wounds {unknown}
 m - 2 potions of curing {unknown}
 p - a potion of degeneration {unknown}
 t - a potion of might {unknown}


   Skills:
 - Level 2.0 Fighting
 - Level 2.0 Dodging
 * Level 3.7 Unarmed Combat
 - Level 2.0 Spellcasting
 - Level 3.0 Transmutations
 + Level 1.1 Poison Magic


You had 3 spell levels left.
You knew the following spells:

 Your Spells              Type           Power      Damage    Failure   Level
a - Beastly Appendage     Tmut           20%        N/A       6%          1
p - Spider Form           Tmut/Pois      7%         N/A       28%         3

Your spell library contained the following spells:

 Spells                   Type           Power      Damage    Failure   Level
 Wereblood                Tmut           10%        N/A       10%         2
 Necrotise                Necr           4%         1d4       22%         1
 Call Canine Familiar     Summ           1%         N/A       54%         3
 Inner Flame              Hex/Fire       1%         N/A       54%         3
 Portal Projectile        Hex/Tloc       2%         N/A       54%         3
 Vampiric Draining        Necr           1%         2d6       54%         3
 Ice Form                 Ice/Tmut       6%         N/A       75%         4
 Cause Fear               Hex            0%         N/A       91%         4
 Leda's Liquefaction      Hex/Erth       0%         N/A       91%         4
 Agony                    Necr           1%         N/A       99%         5
 Discord                  Hex            0%         N/A       100%        8


Dungeon Overview and Level Annotations

Branches:
Dungeon (3/15)

Annotations:
D:3 1 runed translucent door


Innate Abilities, Weirdness & Mutations

You have temporarily grown beastly horns and talons.
You have an increased reservoir of magic. (+10% MP)
You shall have no god before yourself.
Your divine heritage dramatically boosts your attributes as you level up.


Message History

v - a +0 helmet Your horns disappear.
Your talons disappear.
You start putting on your armour.
You continue putting on your +0 pair of gloves. x4
You finish putting on your +0 pair of gloves.
Your +1 mace of protection hums with potential!
s - a +1 mace of protection (weapon)
Found a stone staircase leading down.
You pick up a book of the Hunter and begin reading...
You add the spells Call Canine Familiar, Portal Projectile and Leda's Liquefaction to your library.
You now have 76 gold pieces (gained 6).
Found a dagger.
An orc comes into view. It is wielding a +0 club.
Casting: Beastly Appendage (safe; 6% risk of failure)
Confirm with . or Enter, or press ? or * to list all spells.
You grow a pair of large bovine horns.
Your feet morph into talons.
An orc priest comes into view. It is wielding a +0 club.
The orc shouts!
The orc priest shouts!
An orc comes into view. It is wielding a +0 dagger.
The orc priest calls down the wrath of Beogh upon you.
Beogh smites you!
The orc shouts!
Found a flail.
The orc priest mumbles some strange prayers to Beogh against you.
Beogh smites you! The orc hits you but does no damage.
You barely miss the orc. The orc completely misses you.
You sock the orc!
Your weapon exudes an aura of protection.
You kill the orc!
Your transformation is almost over.
The orc barely misses you.
You hit the orc priest.
You claw the orc priest, but do no damage.
You headbutt the orc priest, but do no damage.
You punch the orc priest.
The orc priest is severely wounded.
The orc misses you.
The orc priest mumbles some strange prayers to Beogh against you.
Beogh smites you!
You die...

.....###.##........#
##.....
.........##.......#
..##...
........###..[.....
.......
#...)...###.....#(
#...##
#........##.....#
#... #
#..............#...
.... #
#.......####...# ..
#.........#....#
########.....@.#
#.....oo# #........#
#........#
#.........
######..... #...#..
#######)


You could see an orc priest and an orc.

Vanquished Creatures
  Natasha (thrice) (D:2)
  An adder (D:2)
  2 worms
  An orc (D:3)
  4 ball pythons
  2 endoplasms (D:2)
  A giant cockroach (D:1)
  6 goblins
  10 hobgoblins
  6 jackals
  4 kobolds (D:1)
  A quokka (D:2)
  A bat (D:1)
  2 frilled lizards (D:1)
  A jackal zombie (D:3)
  A kobold zombie (D:3)
  A rat (D:1)
47 creatures vanquished.

Notes
Turn   | Place    | Note
-------+----------+-------------------------------------------
     0 | D:1      | avis the Demigod Transmuter began the quest for the Orb.
     0 | D:1      | Reached XP level 1. HP: 15/15 MP: 5/5
    24 | D:1      | Reached skill level 1 in Fighting
   140 | D:1      | Reached XP level 2. HP: 13/23 MP: 5/7
   603 | D:2      | Reached XP level 3. HP: 20/29 MP: 6/8
   606 | D:2      | Noticed Natasha
   618 | D:2      | Killed Natasha
   739 | D:2      | Learned a level 3 spell: Spider Form
   889 | D:2      | Noticed Natasha
   897 | D:2      | Killed Natasha
   898 | D:2      | Reached XP level 4. HP: 36/36 MP: 9/9
   925 | D:2      | Noticed Natasha
   950 | D:2      | Killed Natasha
   951 | D:2      | Reached skill level 1 in Poison Magic
  1240 | D:3      | Noticed an ice beast
  1257 | D:3      | Noticed a human
  1257 | D:3      | Found a runed translucent door.
  1360 | D:3      | Killed from afar by an orc priest

Illustrated notes

Levels and vault maps discovered:
D:1:      lightli_molten_gateway, layout_rooms
D:2:      layout_rooms, basic_altar, amcnicky_mini_rare_corridor_liquid,
          uniq_natasha
D:3:      layout_rooms, overflow_temple_1_default, dk_yredelemnul_ordeal,
          nicolae_wu_jian_wuxing_cycle

Skill      XL: |  1  2  3  4 |
---------------+-------------+-----
Transmutations | 2 3 |  3.0
Spellcasting   | 2 |  2.0
Fighting       | 1 2 |  2.0
Unarmed Combat | 3 |  3.7
Dodging        | 2 |  2.0
Poison Magic   | 1 |  1.1

Action                   |  1- 3 |  4- 6 || total
-------------------------+-------+-------++-------
Melee: Unarmed           |    99 |    27 ||   126
       Kick              |    30 |    12 ||    42
       Headbutt          |    12 |     5 ||    17
       Punch             |     3 |     1 ||     4
       Mace              |       |     3 ||     3
 Cast: Beastly Appendage |    21 |     9 ||    30
 Stab: Sleeping          |     2 |       ||     2
       Distracted        |     1 |       ||     1
Armor: Robe              |    18 |    13 ||    31
Dodge: Dodged            |    54 |    12 ||    66

Table legend: (Time is in decaauts)
 A = Elapsed time spent in this place.
 B = Non-inter-level travel time spent in this place.
 C = Inter-level travel time spent in this place.
 D = Time resting spent in this place.
 E = Time spent auto-exploring this place.
 F = Levels seen in this place.
 G = Mean time per level.
                   A        B        C        D        E       F      G
               +--------+--------+--------+--------+--------+-----+--------+
         Total |   1369 |   1264 |    105 |    207 |    529 |   3 |  456.3 |
       Dungeon |   1369 |   1264 |    105 |    207 |    529 |   3 |  456.3 |
               +--------+--------+--------+--------+--------+-----+--------+

Top non-repeatable levels by time:
     D:2: 676 daAuts
     D:1: 589 daAuts
     D:3: 103 daAuts
